 Dungeon Crawl Stone Soup version 0.31-a0-187-gba352fbbf7 (webtiles) character file.

Game seed: 8438961027597196581

284211 twolf1369 the Warrior (level 19, -9/336 (378) HPs)
             Began as a Minotaur Fighter on June 22, 2023.
             Was an Elder of Elyvilon.
             Mangled by a vampire knight
             ... wielding a +0 war axe
              (13 damage)
             ... on level 2 of the Vaults.
             The game lasted 02:06:45 (54650 turns).

twolf1369 the Warrior (Minotaur Fighter)           Turns: 54650, Time: 02:06:46

HP:   -9/336 (378)  AC: 29    Str: 26    XL:     19   Next: 78%
MP:   37/40         EV:  2    Int:  7    God:    Elyvilon [****..]
Gold: 737           SH: 25    Dex: 11    Spells: 18/18 levels left

rFire   . . .        a - +6 shillelagh "Devastator" {shatter}
rCold   . . .        y - +0 tower shield
rNeg    + . .        Z - melded +8 plate armour {rC+}
rPois   +            q - melded +1 hat
rElec   .            N - melded +2 cloak
rCorr   +            W - melded +2 pair of gloves
SInv    .            Y - melded +0 pair of boots
Will    ++...        n - amulet of Greater Demons {Reflect Fly SH+5} Stlth
                     m - ring of poison resistance
HPRegen 0.76/turn    H - ring "Bamusm" {Fly rN+ rCorr}
MPRegen 0.27/turn

%: reflection
@: mighty, divinely vigorous, tree-form, silenced, enlightened, drained
A: stationary, stasis, torment immunity, boosted hp, (horns 2), (retaliatory
headbutt)
}: 2/15 runes: serpentine, barnacled
a: Renounce Religion


You were on level 2 of the Vaults.
You worshipped Elyvilon.
Elyvilon was greatly pleased with you.
You were a tree.
You visited 7 branches of the dungeon, and saw 33 of its levels.
You visited the Abyss 1 time.

You collected 3393 gold pieces.
You spent 2656 gold pieces at shops.

Inventory:

Hand Weapons
 a - the +6 shillelagh "Devastator" (weapon) {shatter}
   (You found it on level 13 of the Dungeon)
 b - a +7 broad axe of freezing
 c - a +0 broad axe of flaming
Missiles
 d - 14 boomerangs
 j - 3 silver javelins (quivered)
 L - 2 throwing nets
 T - 3 javelins
Armour
 q - a +1 hat (melded)
 y - a +0 tower shield (worn)
 N - a +2 cloak (melded)
 W - a +2 pair of gloves (melded)
 Y - a +0 pair of boots (melded)
 Z - a +8 plate armour of cold resistance (melded)
Jewellery
 m - a ring of poison resistance (left branch)
 n - the amulet of Greater Demons (around neck) {Reflect Fly SH+5}
   (You found it on level 2 of the Dungeon)

   [amulet of reflection]

   It reflects blocked missile attacks.
   Fly:       It grants you flight.
   SH:        It affects your SH (+5).
 H - the ring "Bamusm" (right branch) {Fly rN+ rCorr}
   (You found it on level 8 of the Dungeon)

   [ring of resist corrosion]

   rN:        It protects you from negative energy.
   Fly:       It grants you flight.
   rCorr:     It protects you from acid and corrosion.
 K - the amulet of Scepticism {Spirit Harm rElec Will+ Str+5}
   (You took it off a centaur warrior on level 8 of the Dungeon)

   [amulet of guardian spirit]

   It causes incoming damage to be divided between your reserves of health and
   magic.
   Str:       It affects your strength (+5).
   rElec:     It insulates you from electricity.
   Harm:      It increases damage dealt and taken.
   Will:      It increases your willpower.
 Q - a ring of fire
Wands
 k - a wand of iceblast (19)
 A - a wand of flame (35)
 B - a wand of charming (19)
 P - a wand of mindburst (8)
 R - a wand of digging (19)
 S - a wand of polymorph (18)
Scrolls
 h - a scroll of fog
 p - 6 scrolls of vulnerability
 C - 4 scrolls of revelation
 D - a scroll of brand weapon
 G - a scroll of poison
 I - a scroll of fear
 M - 5 scrolls of teleportation
 U - 7 scrolls of immolation
 V - a scroll of butterflies
Potions
 e - 12 potions of mutation
 f - 3 potions of magic
 g - 3 potions of resistance
 i - 6 potions of attraction
 o - 5 potions of enlightenment
 t - 3 potions of ambrosia
 u - 6 potions of lignification
 w - 2 potions of invisibility
 x - 4 potions of cancellation
 E - 5 potions of brilliance
 F - 3 potions of berserk rage
Miscellaneous
 O - a tin of tremorstones (2/2)
 X - a phial of floods


   Skills:
 - Level 20.6 Fighting
 - Level 18.0 Axes
 - Level 13.0 Throwing
 - Level 20.6 Armour
 + Level 19.6 Shields
 - Level 17.0 Invocations


You had 18 spell levels left.
You didn't know any spells.
Your spell library contained the following spells:

 Spells                   Type           Power      Damage    Failure   Level
 Freeze                   Ice            0%         1d3       61%         1
 Kiss of Death            Conj/Necr      0%         2d5       61%         1
 Sandblast                Erth           0%         2d4       61%         1
 Shock                    Conj/Air       0%         1d3       61%         1
 Slow                     Hex            0%         N/A       61%         1
 Ensorcelled Hibernation  Hex/Ice        0%         N/A       75%         2
 Passwall                 Tmut/Erth      0%         N/A       75%         2
 Static Discharge         Conj/Air       0%         2-2/arc   75%         2
 Confusing Touch          Hex            0%         N/A       93%         3
 Frozen Ramparts          Ice            0%         1d1       93%         3
 Gell's Gravitas          Tloc           0%         N/A       93%         3
 Hailstorm                Conj/Ice       0%         3d3       93%         3
 Ozocubu's Armour         Ice            0%         N/A       93%         3
 Spider Form              Tmut/Pois      0%         N/A       93%         3
 Swiftness                Air            0%         N/A       93%         3
 Teleport Other           Tloc           0%         N/A       93%         3
 Vampiric Draining        Necr           0%         2d6       93%         3
 Volatile Blastmotes      Fire/Tloc      0%         2d10      93%         3
 Airstrike                Air            0%         2d(0-16)  100%        4
 Anguish                  Hex/Necr       0%         N/A       100%        4
 Animate Armour           Summ/Erth      0%         N/A       100%        4
 Cause Fear               Hex            0%         N/A       100%        4
 Dispel Undead            Necr           0%         3d6       100%        4
 Fulminant Prism          Conj/Hex       0%         3d5       100%        4
 Ice Form                 Ice/Tmut       0%         N/A       100%        4
 Iskenderun's Mystic Bla  Conj/Tloc      0%         2d3       100%        4
 Leda's Liquefaction      Hex/Erth       0%         N/A       100%        4
 Manifold Assault         Tloc           0%         N/A       100%        4
 Petrify                  Tmut/Erth      0%         N/A       100%        4
 Summon Ice Beast         Ice/Summ       0%         N/A       100%        4
 Summon Lightning Spire   Summ/Air       0%         N/A       100%        4
 Iskenderun's Battlesphe  Conj           0%         2d6       100%        5
 Lee's Rapid Deconstruct  Erth           0%         3d4*      100%        5
 Summon Forest            Summ/Tloc      0%         N/A       100%        5
 Summon Mana Viper        Hex/Summ       0%         N/A       100%        5
 Dispersal                Tloc           0%         N/A       100%        6
 Leda's Unmaking          Conj/Erth      0%         9d1       100%        6
 Simulacrum               Ice/Necr       0%         N/A       100%        6
 Statue Form              Tmut/Erth      0%         N/A       100%        6
 Summon Cactus Giant      Summ           0%         N/A       100%        6
 Dragon Form              Tmut           0%         N/A       100%        7
 Enfeeble                 Hex            0%         N/A       100%        7
 Ozocubu's Refrigeration  Ice            0%         4d7       100%        7
 Spellforged Servitor     Conj/Summ      0%         N/A       100%        7
 Disjunction              Tloc           0%         N/A       100%        8
 Dragon's Call            Summ           0%         N/A       100%        9
 Polar Vortex             Ice            0%         N/A       100%        9


Dungeon Overview and Level Annotations

Branches:
Dungeon (15/15)            Temple (0/1) D:4            Lair (5/5) D:9
 Shoals (4/4) Lair:2        Snake (4/4) Lair:2        Slime (0/5) Lair:4
    Orc (2/2) D:12            Elf (1/3) Orc:2        Vaults (2/5) D:13
 Depths (0/4) D:15
  Crypt: Vaults:2-3

Altars:
Cheibriados
Dithmenos
Elyvilon
Fedhas
Trog
Uskayaw
The Shining One

Shops:
D:4 *   Orc:1 *   Orc:2 (?*(   Elf:1 =   Shoals:1 *!   Snake:3 !

Annotations:
D:1 1 transporter
Snake:1 Vyac's ghost, journeyman SpEn


Innate Abilities, Weirdness & Mutations

You are a tree.
Your roots penetrate the ground, keeping you stationary.
You cannot be teleported.
You are immune to unholy pain and torment.
Your maximum health is greatly increased.
Your equipment is partially melded.
((You have a pair of horns on your head.))
((You reflexively headbutt those who attack you in melee.))


Message History

You block the deep troll's attack.
The ancient champion hits you but does no damage.
You partially resist. Something hits you! Elyvilon protects you from harm!
Something bites you but does no damage.
You feel better. You block the deep troll's attack.
The deep troll claws you but does no damage. x2
You block the ancient champion's attack.
Something hits you but does no damage. Something bites you but does no damage.
You feel better. You block the deep troll's attack.
The deep troll claws you but does no damage.
You block the deep troll's attack. The ancient champion barely misses you.
Something hits you!
* * * LOW HITPOINT WARNING * * *
You block something's attack.
You hit the ancient champion but do no damage.
You headbutt the ancient champion, but do no damage.
The ancient champion is severely damaged.
A vampire knight appears from thin air!
Reactivating autopickup.
You block the deep troll's attack. x3
The ancient champion hits you with a +2 battleaxe of draining!
* * * LOW HITPOINT WARNING * * *
You partially resist.
You feel drained.
* * * LOW HITPOINT WARNING * * *
The vampire knight hits you but does no damage.
The vampire knight closely misses you.
Okay, then.
Really quaff the potion of lignification?
You turn into a tree.
Your +2 cloak melds into your body.
Your +1 hat melds into your body.
Your +2 pair of gloves melds into your body.
Your +0 pair of boots melds into your body.
Your +8 plate armour of cold resistance melds into your body.
You feel less resistant to cold.
Your roots penetrate the ground.
You block the deep troll's attack.
The deep troll claws you but does no damage.
You block the deep troll's attack. The ancient champion barely misses you.
The vampire knight hits you with a +0 war axe!
You die...

####'###...#......#
.......#...'..>)..#
.......#...#......#
...[...#...#......#
#'##...#...#......#
...#...#...#....^.#
...#.).+...#......#
...#...#...#......#
############....♣.#
# #...VzT# #
######z### #
#..T.T..# #
#....[.)# #
#...))..# #
#.......# #
#.....()# #
#######[#


You could see a vampire knight, an ancient champion, 2 deep trolls and a flying
skull.

Vanquished Creatures
  Vashnia (Snake:3)
  Jorgrun (D:14)
  A quicksilver dragon (Snake:4)
  Kirke (Snake:1)
  Roxanne (Shoals:1)
  Donald (Snake:2)
  4 nagarajas (Snake:4)
  A frost giant (Vaults:1)
  Ilsuiw (Shoals:3)
  2 deep elf sorcerers
  4 vault wardens
  Louise (Snake:3)
  Aizul (Snake:1)
  3 formless jellyfish
  7 ironbound preservers
  2 ironbound thunderhulks (Vaults:1)
  2 war gargoyles (Vaults:2)
  A stone giant (D:13)
  A deep elf annihilator (Elf:1)
  5 dire elephants
  An ettin (Orc:1)
  6 merfolk javelineers
  3 great orbs of eyes
  6 yaktaur captains
  3 fire dragons
  10 merfolk impalers
  Fannar (D:11)
  A rakshasa (Abyss:2)
  6 hydras
  4 salamander tyrants
  An ice dragon (D:15)
  A vault guard (D:13)
  A peacekeeper (Vaults:2)
  5 catoblepae
  10 merfolk aquamancers
  Erica (D:11)
  5 merfolk avatars
  2 ogre magi (Orc:2)
  13 two-headed ogres
  3 alligator snapping turtles (Shoals:4)
  9 anacondas
  6 centaur warriors
  3 ironbound frosthearts
  A death knight (D:14)
  3 satyrs
  4 boulder beetles
  9 naga warriors
  2 alligators (Shoals:4)
  6 death yaks (Lair:5)
  2 dancing weapons (Elf:1)
  An orc high priest (Orc:2)
  9 shock serpents
  3 tengu warriors
  A thrashing horror (Abyss:2)
  3 deep elf knights
  18 naga sharpshooters
  5 salamander mystics
  3 skysharks
  4 skeletal warriors (D:13)
  A shadow wraith (D:13)
  15 sea snakes
  An anaconda zombie (Abyss:2)
  7 naga ritualists
  22 deep trolls
  3 wizards (Vaults:1)
  2 deep elf archers
  An ironbound convoker (Vaults:1)
  13 deep elf pyromancers
  9 deep elf zephyrmancers (Elf:1)
  A phantasmal warrior (Vaults:2)
  17 harpies
  10 mana vipers
  7 cyclopes
  An oklob plant (Lair:1)
  20 ugly things
  9 fauns
  19 salamanders
  15 manticores
  12 merfolk sirens
  16 naga magi
  Maurice (Orc:2)
  23 elephants
  5 guardian serpents
  7 water nymphs
  42 black mambas
  6 vault sentinels
  A torpor snail (Lair:4)
  5 gargoyles
  11 cane toads
  2 unseen horrors
  A rime drake (Lair:1)
  13 yaktaurs
  6 kobold demonologists
  10 komodo dragons
  2 tengu conjurers
  2 ancient zymes (Abyss:2)
  A polar bear (Lair:3)
  15 trolls
  13 merfolk
  A large abomination (Abyss:2)
  6 wind drakes
  A hornet (shapeshifter) (D:13)
  18 blink frogs
  14 dream sheep
  13 snapping turtles
  An air elemental (Elf:1)
  28 slime creatures
  3 wraiths
  A shadow (D:11)
  2 small abominations (Abyss:2)
  7 wyverns
  4 basilisks
  52 yaks
  6 hogs (Snake:1)
  11 water elementals
  Grum (D:8)
  A golden eye (shapeshifter) (D:8)
  A neqoxec (Abyss:2)
  A steam dragon (D:6)
  14 vampire mosquitoes
  Menkaure (D:6)
  52 nagas
  A warg (Orc:2)
  4 acid dragons
  20 water moccasins
  A swamp drake (Lair:1)
  11 orc warriors
  A sky beast (D:5)
  4 ice beasts
  3 black bears
  3 wolves (D:8)
  22 ogres
  10 centaurs
  2 phantoms
  9 bullfrogs
  7 kobold brigands
  5 gnoll sergeants
  2 scorpions (D:5)
  4 wights (D:8)
  A killer bee (D:11)
  2 howler monkeys
  A quasit (Abyss:2)
  2 gnoll boudas
  14 orc priests
  6 starcursed masses (Abyss:2)
  3 hounds
  2 jellies
  5 iguanas
  2 sleepcaps (D:6)
  20 orc wizards
  Robin (D:2)
  19 gnolls
  9 adders
  2 white imps (D:5)
  3 ufetubi
  2 worms (D:2)
  3 dart slugs
  43 orcs
  5 endoplasms
  2 giant cockroaches (D:2)
  16 goblins
  9 hobgoblins
  A quokka (D:2)
  9 ball pythons
  3 bats
  5 frilled lizards
  20 kobolds
  6 rats
1147 creatures vanquished.

Vanquished Creatures (others)
  A nagaraja (Snake:4)
  2 hydras (D:8)
  A centaur warrior (D:8)
  A wizard (D:14)
  A manticore (Shoals:4)
  A black mamba (Snake:4)
  A freezing wraith (D:15)
  A wind drake (Shoals:4)
  A shapeshifter (D:8)
  A water elemental (Shoals:4)
  A naga (Snake:2)
12 creatures vanquished.

Grand Total: 1159 creatures vanquished

Notes
Turn   | Place    | Note
-------+----------+-------------------------------------------
     0 | D:1      | twolf1369 the Minotaur Fighter began the quest for the Orb.
     0 | D:1      | Reached XP level 1. HP: 19/19 MP: 0/0
   115 | D:1      | Reached XP level 2. HP: 27/27 MP: 1/1
   275 | D:1      | Found a faded altar of an unknown god.
   394 | D:1      | Prayed at the altar of an unknown god.
   394 | D:1      | Became a worshipper of Elyvilon the Healer
   394 | D:1      | Reached * piety under Elyvilon
   751 | D:2      | Reached XP level 3. HP: 30/33 MP: 2/2
   776 | D:2      | Found a shadowy altar of Dithmenos.
  1086 | D:2      | Noticed Robin
  1098 | D:2      | Killed Robin
  1111 | D:2      | Reached XP level 4. HP: 28/40 MP: 3/3
  1180 | D:2      | Reached ** piety under Elyvilon
  1504 | D:2      | Identified the amulet of Greater Demons {Reflect Fly SH+5}
  2007 | D:3      | Reached skill level 1 in Invocations
  2121 | D:3      | Reached *** piety under Elyvilon
  2186 | D:3      | Reached XP level 5. HP: 47/47 MP: 4/4
  2389 | D:4      | Noticed a phantom
  2396 | D:4      | Killed a phantom
  2397 | D:4      | Reached skill level 5 in Axes
  2486 | D:4      | Found Nylaoffa's Serpentskin Sales.
  2550 | D:4      | Found a staircase to the Ecumenical Temple.
  2668 | D:4      | Reached **** piety under Elyvilon
  2751 | D:5      | Entered Level 5 of the Dungeon
  2766 | D:5      | Reached XP level 6. HP: 34/53 MP: 6/6
  3098 | D:5      | Reached skill level 5 in Fighting
  3098 | D:5      | Reached skill level 5 in Armour
  3102 | D:5      | Noticed a sky beast
  3114 | D:5      | Killed a sky beast
  3115 | D:5      | Reached skill level 5 in Shields
  3115 | D:5      | Reached XP level 7. HP: 43/61 MP: 7/7
  4193 | D:6      | Reached XP level 8. HP: 22/70 MP: 9/9
  4293 | D:6      | Elyvilon protects you from harm!
  4737 | D:6      | Noticed Menkaure
  4744 | D:6      | Killed Menkaure
  5111 | D:7      | Reached ***** piety under Elyvilon
  5324 | D:7      | Reached XP level 9. HP: 66/78 MP: 11/11
  5574 | D:7      | You are sucked into a shaft and drop 1 floor!
  5601 | D:8      | Noticed Grum
  5616 | D:8      | Elyvilon protects you from harm!
  5623 | D:8      | Killed Grum
  5889 | D:8      | Reached skill level 5 in Invocations
  5896 | D:8      | Reached skill level 10 in Axes
  6176 | D:8      | Reached XP level 10. HP: 80/88 MP: 13/13
  7061 | D:8      | Noticed a harpy
  7061 | D:8      | Noticed a centaur warrior
  7061 | D:8      | Noticed a four-headed hydra
  7063 | D:8      | Noticed a five-headed hydra
  7064 | D:8      | Identified the amulet of Scepticism {Spirit Harm rElec
                  | Will+ Str+5}
  7064 | D:8      | Noticed a centaur warrior
  7064 | D:8      | a harpy changed into a shapeshifter
  7065 | D:8      | Killed a four-headed hydra
  7066 | D:8      | Killed a five-headed hydra
  7068 | D:8      | Killed a centaur warrior
  7070 | D:8      | Identified the ring of Butchery {*Slow rElec rPois rCorr
                  | Int-5}
  7070 | D:8      | Noticed a tengu warrior
  7074 | D:8      | Killed a centaur warrior
  7084 | D:8      | Killed a tengu warrior
  7287 | D:8      | Identified the ring "Bamusm" {Fly rN+ rCorr}
  7290 | D:8      | Identified the ring "Vikey" {rCorr MP+9}
  7473 | D:9      | Found a staircase to the Lair.
  8063 | D:9      | Found a snail-covered altar of Cheibriados.
  8064 | D:9      | Found a blossoming altar of Fedhas.
  8265 | D:10     | Entered Level 10 of the Dungeon
  8290 | D:10     | Noticed a two-headed ogre
  8326 | D:10     | Killed a two-headed ogre
  8327 | D:10     | Reached XP level 11. HP: 89/97 MP: 14/14
  8411 | D:10     | Noticed a two-headed ogre
  8417 | D:10     | Killed a two-headed ogre
  8830 | D:10     | Identified the +2 dagger of Jice {holy, rPois Dex+2}
  9299 | D:10     | Noticed a two-headed ogre
  9307 | D:10     | Killed a two-headed ogre
  9474 | D:11     | Noticed Erica
  9492 | D:11     | Killed Erica
  9718 | D:11     | Found a frozen archway.
  9847 | D:11     | Reached skill level 10 in Armour
  9849 | D:11     | Reached skill level 10 in Fighting
 10031 | D:11     | Noticed Fannar
 10042 | D:11     | Killed Fannar
 10272 | D:11     | Noticed a sixfirhy
 10417 | D:11     | Noticed a centaur warrior
 10429 | D:11     | Killed a centaur warrior
 10549 | D:11     | Reached skill level 10 in Shields
 10681 | D:11     | Noticed a two-headed ogre
 10695 | D:11     | Killed a two-headed ogre
 10696 | D:11     | Reached XP level 12. HP: 51/107 MP: 16/16
 11026 | D:11     | Found a hide-covered altar of Uskayaw.
 11341 | Lair:1   | Entered Level 1 of the Lair of Beasts
 12642 | Lair:1   | Noticed a fire dragon
 12660 | Lair:1   | Killed a fire dragon
 12661 | Lair:1   | Reached skill level 15 in Axes
 12746 | Lair:1   | Identified the +8 glaive "Coeceg" {holy, Dex+2}
 13034 | Lair:2   | Found a staircase to the Shoals.
 13543 | Lair:2   | Found a staircase to the Snake Pit.
 14290 | Lair:2   | Identified the +1 chain mail of Disguise {MP+9}
 14447 | Lair:2   | Reached XP level 13. HP: 83/117 MP: 18/18
 15703 | Lair:3   | Reached ****** piety under Elyvilon
 16423 | Lair:4   | Found a staircase to the Slime Pits.
 17130 | Lair:4   | Reached skill level 10 in Invocations
 17730 | Lair:5   | Entered Level 5 of the Lair of Beasts
 18386 | Lair:5   | Reached XP level 14. HP: 111/129 MP: 20/20
 21578 | D:12     | Reached skill level 15 in Armour
 21580 | D:12     | Found a staircase to the Orcish Mines.
 21642 | D:12     | Reached skill level 15 in Fighting
 22710 | D:13     | Noticed a deep elf sorcerer
 22739 | D:13     | Killed a deep elf sorcerer
 22741 | D:13     | HP: 8/168 [deep elf zephyrmancer/bolt of lightning (35)]
 23344 | D:13     | Noticed a stone giant
 23344 | D:13     | Found the +6 shillelagh "Devastator" {shatter}
 23720 | D:13     | Killed a stone giant
 23820 | D:13     | Reached XP level 15. HP: 80/144 MP: 21/21
 24085 | D:13     | Paralysed by a hornet for 3 turns
 24235 | D:13     | Found a gate to the Vaults.
 25108 | D:14     | Noticed Jorgrun
 25117 | D:14     | Killed Jorgrun
 25959 | D:14     | Identified the +1 rapier of the Dark Horse {venom, Str+2}
 26096 | D:15     | Entered Level 15 of the Dungeon
 26397 | D:15     | Found a glowing golden altar of the Shining One.
 27571 | D:15     | Found a staircase to the Depths.
 27896 | Orc:1    | Entered Level 1 of the Orcish Mines
 28308 | Orc:1    | Found Zupath's General Store.
 28316 | Orc:1    | Bought a scroll of blinking for 127 gold pieces
 28316 | Orc:1    | Bought a scroll of noise for 17 gold pieces
 28316 | Orc:1    | Bought a scroll of amnesia for 68 gold pieces
 28399 | Orc:2    | Entered Level 2 of the Orcish Mines
 28438 | Orc:2    | Noticed Maurice
 28445 | Orc:2    | Killed Maurice
 28575 | Orc:2    | Found a staircase to the Elven Halls.
 28587 | Orc:2    | Found Ryty's Weapon Emporium.
 28671 | Orc:2    | Reached XP level 16. HP: 44/159 MP: 22/22
 28993 | Orc:2    | Found Suasioxiwa's Magic Scroll Shoppe.
 28995 | Orc:2    | Found Mumogeor's Assorted Antiques.
 29001 | Orc:2    | Bought a scroll of immolation for 56 gold pieces
 29001 | Orc:2    | Bought a scroll of fog for 56 gold pieces
 29001 | Orc:2    | Bought a scroll of revelation for 105 gold pieces
 29001 | Orc:2    | Bought a scroll of identify for 28 gold pieces
 29001 | Orc:2    | Bought a scroll of identify for 28 gold pieces
 29001 | Orc:2    | Bought a scroll of identify for 28 gold pieces
 29001 | Orc:2    | Bought a scroll of blinking for 105 gold pieces
 29014 | Orc:2    | Found Duenadd's Antique Weapon Emporium.
 29017 | Orc:2    | Bought a broad axe for 112 gold pieces
 29017 | Orc:2    | Bought a scroll labelled SUSMIJ MASM for 28 gold pieces
 29022 | Orc:2    | Bought a glowing broad axe for 182 gold pieces
 29872 | Snake:1  | Entered Level 1 of the Snake Pit
 30257 | Snake:1  | Elyvilon protects you from harm!
 30258 | Snake:1  | HP: 4/159 [naga warrior/+0 trident (23)]
 30258 | Snake:1  | Elyvilon protects you from harm!
 31038 | Snake:1  | Identified the +1 spear "Biassuacs" {flame, rElec rC+
                  | Dex+4}
 31099 | Snake:1  | Noticed Kirke
 31110 | Snake:1  | Killed Kirke
 31125 | Snake:1  | Noticed Vyac's ghost (journeyman SpEn)
 31126 | Snake:1  | Found a runed translucent door.
 31687 | Snake:1  | Noticed Aizul
 31702 | Snake:1  | Killed Aizul
 33004 | Snake:2  | Noticed Donald
 33017 | Snake:2  | Killed Donald
 33055 | Snake:2  | Identified 2 scrolls of acquirement
 33056 | Snake:2  | Acquired a manual of Invocations
 33059 | Snake:2  | Acquired a manual of Throwing
 33352 | Snake:2  | Reached skill level 1 in Throwing
 34518 | Snake:2  | Reached skill level 5 in Throwing
 35666 | Snake:3  | Identified the +2 chain mail of Siaph {Drain Dex+6}
 35691 | Snake:3  | Noticed Vashnia
 35980 | Snake:3  | Killed Vashnia
 36068 | Snake:3  | Identified the ring "Heitebi" {Fire Slay+2 Stlth+}
 36146 | Snake:3  | Found Ucod's Distillery.
 36156 | Snake:3  | Bought a potion of attraction for 48 gold pieces
 36156 | Snake:3  | Bought a potion of might for 64 gold pieces
 36156 | Snake:3  | Bought a potion of heal wounds for 80 gold pieces
 36156 | Snake:3  | Bought a potion of curing for 48 gold pieces
 36156 | Snake:3  | Bought a potion of berserk rage for 80 gold pieces
 36156 | Snake:3  | Bought a potion of might for 64 gold pieces
 36156 | Snake:3  | Bought a potion of cancellation for 128 gold pieces
 36156 | Snake:3  | Bought a potion of berserk rage for 80 gold pieces
 36191 | Snake:3  | Noticed Louise
 37001 | Snake:3  | Reached XP level 17. HP: 151/169 MP: 25/25
 37175 | Snake:3  | Killed Louise
 37592 | Snake:4  | Entered Level 4 of the Snake Pit
 37782 | Snake:4  | HP: 8/169 [nagaraja/bolt of poison (18)]
 38583 | D:4      | Bought a ring of poison resistance for 280 gold pieces
 38922 | Snake:4  | Found a bloodstained altar of Trog.
 40272 | Snake:4  | Reached skill level 10 in Throwing
 41450 | Snake:4  | Noticed a quicksilver dragon
 41454 | Snake:4  | Reached skill level 15 in Invocations
 41463 | Snake:4  | Killed a quicksilver dragon
 41502 | Snake:4  | Noticed a quicksilver dragon
 41504 | Snake:4  | Pacified a quicksilver dragon
 41979 | Snake:4  | Got a serpentine rune of Zot
 42512 | Shoals:1 | Entered Level 1 of the Shoals
 42655 | Shoals:1 | Found Ostya's Distillery.
 42805 | Shoals:1 | Identified Roxanne's Directory of the Gargoyle
 42805 | Shoals:1 | Noticed Roxanne
 42827 | Shoals:1 | Killed Roxanne
 42954 | Shoals:1 | Found Wiemom's General Store.
 42956 | Shoals:1 | Found Ryfoi's Specific Store.
 42975 | Shoals:1 | Bought a scroll of enchant weapon for 142 gold pieces
 43102 | Shoals:1 | Bought a scroll of teleportation for 36 gold pieces
 43102 | Shoals:1 | Bought a scroll of teleportation for 36 gold pieces
 43132 | Shoals:1 | Bought a potion of curing for 54 gold pieces
 43132 | Shoals:1 | Bought a potion of heal wounds for 90 gold pieces
 43132 | Shoals:1 | Bought a potion of heal wounds for 90 gold pieces
 43132 | Shoals:1 | Bought a potion of curing for 54 gold pieces
 43132 | Shoals:1 | Bought a potion of magic for 144 gold pieces
 43132 | Shoals:1 | Bought a potion of curing for 54 gold pieces
 43132 | Shoals:1 | Bought a potion of invisibility for 144 gold pieces
 44099 | Shoals:2 | Reached XP level 18. HP: 141/180 MP: 29/29
 45364 | Shoals:3 | Noticed Ilsuiw
 45432 | Shoals:3 | Killed Ilsuiw
 46301 | Shoals:4 | Entered Level 4 of the Shoals
 46971 | Shoals:4 | Elyvilon protects you from harm!
 46971 | Shoals:4 | HP: 9/180 [merfolk javelineer/silver javelin (7)]
 46982 | Shoals:4 | HP: 1/180 [sea snake (9)]
 49105 | Shoals:4 | Got a barnacled rune of Zot
 50129 | Elf:1    | Entered Level 1 of the Elven Halls
 50129 | Elf:1    | Found Vokoim's Jewellery Shoppe.
 50921 | Elf:1    | Reached skill level 15 in Shields
 50951 | Elf:1    | Reached XP level 19. HP: 175/187 MP: 30/30
 51084 | Vaults:1 | Entered Level 1 of the Vaults
 52378 | Abyss:2  | Cast into level 2 of the Abyss (a wizard)
 52480 | Abyss:2  | Noticed a hellephant
 52524 | Abyss:2  | Found a corrupted altar of Lugonu.
 52542 | Abyss:2  | Found a corrupted altar of Lugonu.
 52542 | Abyss:2  | Found a corrupted altar of Lugonu.
 52733 | Vaults:1 | Escaped the Abyss
 53174 | Vaults:1 | Paralysed by a great orb of eyes for 5 turns
 54384 | Vaults:2 | Identified the +6 scale mail of Divine Compulsion {rF+ rC+
                  | Dex+4}
 54618 | Vaults:2 | HP: 7/177 [something (2)]
 54645 | Vaults:2 | HP: 7/234 [ancient champion/+2 battleaxe of draining (15)]
 54646 | Vaults:2 | Elyvilon protects you from harm!
 54649 | Vaults:2 | HP: 2/224 [ancient champion/+2 battleaxe of draining (4)]
 54650 | Vaults:2 | Mangled by a vampire knight

Illustrated notes

Levels and vault maps discovered:
D:1:      spicycebolla_arrival_risky_transporter, layout_basic,
          hellmonk_ecumenical_altar_run_dry, minmay_tromino_v4_c
D:2:      layout_basic, basic_altar, minivault_5, uniq_robin
D:3:      layout_basic
D:4:      layout_rooms, minmay_temple_entry_mist, guppyfry_shop_venom
D:5:      layout_loops_corners
D:6:      layout_basic, chequers_serial_rivers_micro_b, glass_columns_c,
          uniq_menkaure
D:7:      layout_cave_pods
D:8:      minmay_the_grid_triangle_9x9_rhombus_full
          [minmay_the_grid_triangle_9x9_checkered,
          minmay_the_grid_triangle_9x9_impossible_snake,
          minmay_the_grid_triangle_9x9_descending_squares,
          minmay_the_grid_triangle_9x9_thin_v,
          minmay_the_grid_triangle_9x9_minimal,
          minmay_the_grid_triangle_9x9_swiss_cheese,
          minmay_the_grid_triangle_9x9_shrine,
          minmay_the_grid_triangle_9x9_prize_special], layout_basic,
          serial_curves, eino_curves_04, eino_curves_01, uniq_grum
D:9:      layout_roguey, gammafunk_temple_overflow_pools, dpeg_oklobed_lair,
          chequers_decorated_corner, minmay_lizard_king
D:10:     layout_irregular_city, nicolae_kite_square_tiling_tiny,
          kennysheep_small_circle
D:11:     kennysheep_six_static_rooms, layout_irregular_city,
          gauntlet_entry_generic, portal_ice_cave_entry_pillars_1,
          nicolae_uskayaw_murder_on_the_dancefloor, uniq_fannar, uniq_erica
D:12:     layout_irregular_city, orc_0_dummy, nicolae_splish_splash
D:13:     minmay_roctagon, layout_rooms, david_vaults_4, hangedman_ranch
D:14:     layout_stronghold, hangedman_abyss_or_decor_jellyfish_corner,
          uniq_jorgrun
D:15:     grunt_enter_depths_hoard, layout_loops_ring,
          nicolae_tso_swordbearing_angel
Lair:1:   dragon1_lemuel, layout_cellular_growth, pond, grunt_megastairs_3
Lair:2:   layout_chaotic_city, minmay_shoals_entry_centaurs,
          minmay_snake_entry_six_corridors, minmay_holes
Lair:3:   layout_misc_corridors
Lair:4:   layout_cave_pods, dpeg_slime_entry_enclosed
Lair:5:   evilmike_catoblepas_cave, layout_loops_ring, dreamdust_gnoll_shepherd,
          infiniplex_staircase_pool_2
Shoals:1: layout_shoals, nicolae_specific_store, nicolae_shoals_c_island,
          uniq_roxanne
Shoals:2: layout_shoals, nicolae_shoals_aquamancer_cove
Shoals:3: layout_shoals, nicolae_shoals_mertower, uniq_ilsuiw
Shoals:4: shoals_end_simple, layout_shoals, shoals_ilsuiw_alternative,
          nicolae_shoals_goliath_grotto
Snake:1:  layout_gridlike, ebering_ghost_inner_flame, uniq_kirke, uniq_aizul
Snake:2:  layout_grid_maze, nicolae_fountain_basement, uniq_donald
Snake:3:  layout_misc_corridors, serial_shops, nicolae_shop_tiny_waterfront,
          fake_guardian_serpent_vault, uniq_louise, uniq_vashnia
Snake:4:  hellmonk_snake_rune_quicksilver_temple, layout_chambers, basic_altar,
          lemuel_fruit_tree, serial_bayou_shore_b
Orc:1:    layout_caves, serial_shops, shop
Orc:2:    st_orc_open, layout_diamond_mine, uniq_maurice
Elf:1:    layout_loops_corners, serial_shops, shop, hangedman_elf_represent
Vaults:1: ontoclasm_vaults_pinch, v_misc_30, v_misc_28,
          nicolae_vaults_angled_halls, v_pattern_4,
          vaults_room_grunt_arrival_ludios, nicolae_vaults_storage_room_statues,
          v_misc_19, nicolae_vaults_more_shelving_1, layout_vaults_quadrants
Vaults:2: nicolae_vaults_disjoint_gnomons, vaults_standard_mumra_lines,
          v_rooms_4, v_alt_pattern_6, nicolae_vaults_house_1,
          nicolae_vaults_heart-shaped_vault, ontoclasm_vaults_ligature,
          v_misc_12, nicolae_vaults_tetromino_Z_1,
          minmay_crypt_entry_simple_statues, nicolae_vaults_enemy_cabinets,
          vaults_dpeg_ring, layout_vaults_maze_snakey, uniq_frederick, uniq_mara

Skill      XL: |  1  2  3  4  5  6  7  8  9 10 11 12 13 14 15 16 17 18 19 |
---------------+----------------------------------------------------------+-----
Axes           | 3 4 5 7 8 10 12 14 15 17 18 | 18.0
Fighting       | 4 5 6 8 9 10 11 13 16 18 19 20 | 20.6
Armour         | 4 5 6 8 9 10 11 13 16 18 19 20 | 20.6
Shields        | 4 5 6 7 9 10 15 19 | 19.6
Invocations    | 1 2 3 4 5 6 7 9 10 12 16 17 | 17.0
Throwing       | 7 12 13 | 13.0

Action                     |  1- 3 |  4- 6 |  7- 9 | 10-12 | 13-15 | 16-18 | 19-21 || total
---------------------------+-------+-------+-------+-------+-------+-------+-------++-------
  Melee: War axe           |    67 |   104 |   258 |   585 |   831 |       |       ||  1845
         Headbutt          |     7 |    13 |    53 |   119 |   332 |   363 |   152 ||  1039
         Scimitar          |       |       |       |    19 |    32 |       |       ||    51
         Shillelagh        |       |       |       |       |   312 |   233 |    34 ||   579
         Broad axe         |       |       |       |       |       |  1311 |   365 ||  1676
  Throw: Boomerang         |       |       |       |       |       |   180 |     4 ||   184
         Javelin           |       |       |       |       |       |       |     5 ||     5
 Invoke: Heal Self         |       |       |     6 |     9 |    21 |    30 |     5 ||    71
         Purification      |       |       |       |       |     3 |    11 |       ||    14
         Heal Other        |       |       |       |       |     2 |     1 |       ||     3
         Divine Vigour     |       |       |       |       |     1 |     2 |     1 ||     4
  Evoke: Wand              |       |       |     6 |     4 |     4 |    13 |     1 ||    28
         Tin of tremorston |       |       |       |       |       |     4 |       ||     4
         Phial of floods   |       |       |       |       |       |     1 |       ||     1
    Use: Scroll            |     1 |     2 |       |     7 |     4 |    34 |     8 ||    56
         Potion            |       |       |     1 |     6 |     2 |    27 |    13 ||    49
   Stab: Invisible         |       |       |       |     3 |       |     1 |       ||     4
         Petrified         |       |       |       |       |     9 |       |       ||     9
 Armour: Scale mail        |    23 |       |       |       |       |       |       ||    23
         Chain mail        |    18 |    48 |   134 |     3 |       |       |       ||   203
         Plate armour      |       |       |       |   308 |   645 |   739 |   269 ||  1961
         Skin              |       |       |       |       |       |       |     1 ||     1
  Dodge: Dodged            |    37 |    34 |    93 |   163 |   302 |   287 |   105 ||  1021
  Block: Buckler           |    15 |    38 |   156 |   349 |   587 |    22 |       ||  1167
         Reflection        |       |       |     3 |    13 |    16 |   138 |    24 ||   194
         Kite shield       |       |       |       |       |       |  1063 |   248 ||  1311
         Tower shield      |       |       |       |       |       |       |   188 ||   188

Table legend: (Time is in decaauts)
 A = Elapsed time spent in this place.
 B = Non-inter-level travel time spent in this place.
 C = Inter-level travel time spent in this place.
 D = Time resting spent in this place.
 E = Time spent auto-exploring this place.
 F = Levels seen in this place.
 G = Mean time per level.
                   A        B        C        D        E       F      G
               +--------+--------+--------+--------+--------+-----+--------+
         Total |  53992 |  50459 |   3533 |   2141 |  38457 |  34 | 1588.0 |
       Dungeon |  19148 |  17551 |   1597 |    223 |  14559 |  15 | 1276.5 |
          Lair |  10247 |   9623 |    624 |    148 |   8117 |   5 | 2049.4 |
        Shoals |   6742 |   6441 |    301 |   1156 |   3202 |   4 | 1685.5 |
     Snake Pit |  11720 |  10991 |    729 |    597 |   8184 |   4 | 2930.0 |
  Orcish Mines |   1816 |   1623 |    193 |      0 |   1359 |   2 |  908.0 |
   Elven Halls |    853 |    796 |     57 |      0 |    584 |   1 |  853.0 |
        Vaults |   3120 |   3091 |     29 |     17 |   2452 |   2 | 1560.0 |
         Abyss |    343 |    343 |      0 |      0 |      0 |   1 |  343.0 |
               +--------+--------+--------+--------+--------+-----+--------+

Top non-repeatable levels by time:
 Snake:2: 3736 daAuts
 Snake:3: 3127 daAuts
  Lair:5: 2721 daAuts
  Lair:2: 2668 daAuts
 Snake:4: 2596 daAuts
Shoals:3: 2286 daAuts
 Snake:1: 2260 daAuts
Vaults:1: 2169 daAuts
     D:8: 2144 daAuts
Shoals:4: 2117 daAuts
    D:11: 2051 daAuts
    D:13: 1857 daAuts
  Lair:1: 1809 daAuts
    D:12: 1801 daAuts
    D:14: 1739 daAuts
